 Dungeon Crawl Stone Soup version 0.24-a0-368-g0e0cebd (webtiles) character file.

Game seed: 15531600086657649209

23 MatthieuS the Grave Robber (level 2, 0/21 HPs)
             Began as a Demonspawn Necromancer on May 28, 2019.
             Slain by an adder (2 damage)
             ... on level 2 of the Dungeon.
             The game lasted 00:03:22 (1447 turns).

MatthieuS the Grave Robber (Demonspawn Necromancer) Turns: 1447, Time: 00:03:22

Health: 0/21       AC:  2    Str:  8    XL:     2   Next: 75%
Magic:  5/5        EV: 12    Int: 16    God:
Gold:   15         SH:  0    Dex: 13    Spells: 3/5 levels left

rFire    . . .     SeeInvis .   (no weapon)
rCold    . . .     Gourm    .   (no shield)
rNeg     . . .     Faith    .   f - +0 robe (curse)
rPois    .         Spirit   .   (no helmet)
rElec    .         Reflect  .   (no cloak)
rCorr    .         Harm     .   (no gloves)
MR       .....                  (no boots)
Stlth    ++........             (no amulet)
HPRegen  0.07/turn              (no ring)
MPRegen  0.09/turn              (no ring)

@: no status effects
A: claws 1
a: no special abilities


You were on level 2 of the Dungeon.
You were near starving.

You visited 1 branch of the dungeon, and saw 2 of its levels.

You collected 15 gold pieces.

Inventory:

Hand Weapons
 c - a +0 short sword
   (You took it off a kobold on level 1 of the Dungeon)
Missiles
 b - 63 stones (quivered)
 g - 23 poisoned darts
Armour
 f - a cursed +0 robe (worn)
   (You found it on level 1 of the Dungeon)
Scrolls
 d - 2 scrolls of remove curse {unknown}
 h - a scroll of teleportation {unknown}
 i - a scroll of enchant weapon {unknown}
 j - 2 scrolls of identify {unknown}
 k - a scroll of random uselessness {unknown}
Potions
 a - 2 potions of curing {unknown}
Comestibles
 e - a ration


   Skills:
 + Level 1.2 Fighting
 - Level 1.7 Dodging
 - Level 1.7 Stealth
 * Level 0.4 Unarmed Combat
 - Level 2.3 Spellcasting
 - Level 4.6 Necromancy


You had 3 spell levels left.
You knew the following spells:

 Your Spells              Type           Power        Failure   Level  Hunger
a - Pain                  Necr           ###.         3%          1    #......
z - Animate Skeleton      Necr           N/A          3%          1    #......

Your spell library contained the following spells:

 Spells                   Type           Power        Failure   Level  Hunger
 Vampiric Draining        Necr           ###.......   9%          3    ###....
 Regeneration             Chrm/Necr      #.........   22%         3    ###....
 Animate Dead             Necr           N/A          28%         4    #####..


Dungeon Overview and Level Annotations

Branches:
Dungeon (2/15)

Altars:


Innate Abilities, Weirdness & Mutations

You have sharp fingernails.


Message History

You see here an inedible chunk of flesh.
You are near starving!
Okay, then.
Done exploring.
Done exploring.
There is an open door here.
There is a large open door here.
There is a large open door here.
There is a stone staircase leading down here.
You climb downwards. 2 bats, an adder and a giant cockroach come into view.
Found a scroll labeled LUSIZI GIARUV and 30 bolts.
There is a stone staircase leading up here.
The adder hisses angrily.
The bat hits you but does no damage. x2
You scratch the bat.
You kill the bat!
The bat completely misses you.
You barely miss the bat. The bat hits you.
You closely miss the adder. The bat hits you but does no damage.
The adder closely misses you.
You scratch the adder. The bat barely misses you. The adder barely misses you.
The giant cockroach bites you.
You barely miss the adder. The adder bites you. The bat misses you.
The giant cockroach barely misses you.
You miss the adder. The bat closely misses you. The adder bites you.
The giant cockroach closely misses you. The adder barely misses you.
You scratch the adder. The giant cockroach misses you.
The adder barely misses you. The bat closely misses you.
You barely miss the adder. The bat barely misses you.
The giant cockroach closely misses you. The adder bites you.
* * * LOW HITPOINT WARNING * * *
The bat hits you but does no damage.
The giant cockroach bites you but does no damage.
You miss the adder. The bat hits you.
* * * LOW HITPOINT WARNING * * *
The adder bites you.
* * * LOW HITPOINT WARNING * * *
The giant cockroach closely misses you.
You scratch the adder. The bat hits you but does no damage.
The adder bites you.
* * * LOW HITPOINT WARNING * * *
The giant cockroach misses you. The adder barely misses you.
You barely miss the adder. The giant cockroach bites you.
* * * LOW HITPOINT WARNING * * *
The adder closely misses you. The bat closely misses you.
You closely miss the adder. The bat hits you.
* * * LOW HITPOINT WARNING * * *
The adder bites you.
You die...

####
########...##
#...........#
###....?s...(.#
#......@......#
#.#....S......#
#....b......#
#...........#
#...........#
#...........#
#...........#
#^..........#


You could see an adder, a giant cockroach and a bat.

Vanquished Creatures
  3 bats
  2 goblins (D:1)
  2 hobgoblins (D:1)
  4 jackals (D:1)
  4 kobolds (D:1)
  2 ball pythons (D:1)
  4 frilled lizards (D:1)
  A rat (D:1)
22 creatures vanquished.

Notes
Turn   | Place    | Note
-------+----------+-------------------------------------------
     0 | D:1      | MatthieuS the Demonspawn Necromancer began the quest for
                  | the Orb.
     0 | D:1      | Reached XP level 1. HP: 13/13 MP: 3/3
   427 | D:1      | Gained mutation: You have sharp fingernails. [demonic
                  | ancestry]
   427 | D:1      | Reached XP level 2. HP: 18/20 MP: 0/5
   430 | D:1      | Learned a level 1 spell: Animate Skeleton
   685 | D:1      | Reached skill level 1 in Fighting
  1447 | D:2      | Slain by an adder

Levels and vault maps discovered:
D:1:      onia_arrival_mini_maze, layout_basic
D:2:      layout_basic, overflow_temple_1_default, uniq_robin

Skill      XL: |  1  2 |
---------------+-------+-----
Fighting       | 1 |  1.2
Dodging        | |  1.7
Stealth        | |  1.7
Unarmed Combat | |  0.4
Spellcasting   | |  2.3
Necromancy     | |  4.6

Action                   || total
-------------------------++-------
Melee: Unarmed           ||    47
 Cast: Pain              ||    19
       Animate Skeleton  ||     2
 Stab: Sleeping          ||     1
Armor: Robe              ||    15
Dodge: Dodged            ||    57

Table legend:
 A = Non-vault XP
 B = Vault XP
 C = Vault XP percentage of total XP
 D = Non-vault monster count
 E = Vault monster count
 F = Vault count percentage of total count
                 A         B        C        D         E       F
            +---------+---------+-------+---------+---------+-------
      Total |      33 |       1 |   2.9 |      21 |       1 |   4.5
            +---------+---------+-------+---------+---------+-------
        D:1 |      31 |       1 |   3.1 |      20 |       1 |   4.8
        D:2 |       2 |       0 |   0.0 |       1 |       0 |   0.0
            +---------+---------+-------+---------+---------+-------
